 Dungeon Crawl Stone Soup version 0.30.0-17-ge0270778cf (webtiles) character file.

Game seed: 5002206062743920262

420 croobank the Insei (level 6, -1/47 HPs)
             Began as a Gnoll Transmuter on May 22, 2023.
             Was an Initiate of Yredelemnul.
             Slain by a gnoll sergeant
             ... wielding a +2 vampiric trident
              (8 damage)
             ... on level 4 of the Dungeon.
             The game lasted 00:10:11 (2933 turns).

croobank the Insei (Gnoll Transmuter)               Turns: 2933, Time: 00:10:11

Health: -1/47      AC:  3    Str:  9    XL:     6   Next: 94%
Magic:  13/14      EV: 14    Int: 14    God:    Yredelemnul [......]
Gold:   133        SH:  0    Dex: 13    Spells: 13/16 levels left

rFire   . . .        a - +0 dagger (venom)
rCold   . . .        (no shield)
rNeg    . . .        i - +0 robe
rPois   .            (no helmet)
rElec   .            p - +0 cloak
rCorr   .            (no gloves)
SInv    .            (no boots)
Will    .....        (no amulet)
Stlth   ++           (no ring)
HPRegen 0.27/turn    (no ring)
MPRegen 0.14/turn

%: no passive effects
@: wereblooded (expiring), attractive, invisible
A: fangs 1, strong nose, distributed training
a: Renounce Religion, Recall Undead Harvest


You were on level 4 of the Dungeon.
You worshipped Yredelemnul.
Yredelemnul was noncommittal.
You visited 1 branch of the dungeon, and saw 4 of its levels.

You collected 133 gold pieces.

Inventory:

Hand Weapons
 a - a +0 dagger of venom (weapon)
 b - a +2 heavy sling
 k - a +0 hand axe
 q - a +0 short sword
 u - a +0 morningstar
Missiles
 n - 4 poisoned darts
Armour
 i - a +0 robe (worn)
 p - a +0 cloak (worn)
Scrolls
 d - 3 scrolls of immolation
 g - a scroll of enchant weapon {unknown}
 h - a scroll of vulnerability {unknown}
 l - 5 scrolls of identify {unknown}
 m - 2 scrolls of enchant armour {unknown}
 o - a scroll of magic mapping {unknown}
 t - a scroll of poison {unknown}
Potions
 c - a potion of attraction
 e - a potion of invisibility
 j - a potion of degeneration {unknown}
 r - a potion of flight {unknown}
 s - a potion of resistance {unknown}


   Skills:
 + Level 3.4 Fighting
 + Level 2.2 Short Blades
 + Level 2.2 Long Blades
 + Level 2.2 Axes
 + Level 2.2 Maces & Flails
 + Level 2.2 Polearms
 + Level 2.2 Staves
 + Level 2.2 Ranged Weapons
 + Level 2.2 Throwing
 + Level 2.2 Armour
 + Level 5.1 Dodging
 + Level 2.2 Stealth
 + Level 2.2 Shields
 + Level 6.9 Unarmed Combat
 + Level 5.5 Spellcasting
 + Level 1.8 Conjurations
 + Level 1.8 Hexes
 + Level 1.8 Summonings
 + Level 1.8 Necromancy
 + Level 1.8 Translocations
 + Level 4.2 Transmutations
 + Level 1.8 Fire Magic
 + Level 1.8 Ice Magic
 + Level 1.8 Air Magic
 + Level 1.8 Earth Magic
 + Level 1.8 Poison Magic
 + Level 2.5 Invocations
 + Level 2.2 Evocations


You had 13 spell levels left.
You knew the following spells:

 Your Spells              Type           Power      Damage    Failure   Level
a - Beastly Appendage     Tmut           30%        N/A       3%          1
b - Wereblood             Tmut           15%        N/A       4%          2

Your spell library contained the following spells:

 Spells                   Type           Power      Damage    Failure   Level
 Ensorcelled Hibernation  Hex/Ice        18%        N/A       12%         2
 Spider Form              Tmut/Pois      12%        N/A       14%         3
 Ice Form                 Ice/Tmut       12%        N/A       43%         4
 Anguish                  Hex/Necr       4%         N/A       61%         4


Dungeon Overview and Level Annotations

Branches:
Dungeon (4/15)
 Temple: D:4-7

Altars:
Ashenzari
Okawaru
Yredelemnul


Innate Abilities, Weirdness & Mutations

You have very sharp teeth.
Your uncanny sense of smell can sniff out nearby items.
Your experience applies equally to all skills.


Message History

Your black bear zombie bites the gnoll.
Your black bear zombie claws the gnoll. x2
You feel sick.
The gnoll hits your black bear zombie with a +2 whip of freezing.
Your black bear zombie completely misses the gnoll.
Your black bear zombie claws the gnoll.
Your black bear zombie closely misses the gnoll.
The endoplasm attacks as you move away! The endoplasm closely misses you.
You feel sick. The endoplasm attacks as you move away! The endoplasm hits you.
You howl as the wereblood boils in your veins!
You feel sick.
You hit the endoplasm.
The endoplasm is severely wounded.
Your horns disappear.
Your talons disappear.
You feel sick.
The endoplasm hits you but does no damage.
The endoplasm attacks as you move away! The endoplasm closely misses you.
You feel sick. The endoplasm attacks as you move away!
The endoplasm completely misses you.
You feel sick.
You howl as the wereblood boils in your veins!
Your primal bloodlust is almost over.
You feel sick.
You are no longer poisoned.
You hit the endoplasm.
You feel a bit better.
You kill the endoplasm!
Okay, then.
As you read the scroll labelled GECAOFR COPRO, it crumbles to dust.
The creatures around you are filled with an inner flame!
It was a scroll of immolation.
The gnoll sergeant hits you with a +2 vampiric trident!
* * * LOW HITPOINT WARNING * * *
It was a potion of attraction.
You feel attractive to monsters. The gnoll sergeant barely misses you.
It was a potion of invisibility.
You fade into invisibility!
The gnoll sergeant hits you with a +2 vampiric trident!
You die...
Your body rises from the dead as a mindless zombie.

#.. #.### #### #.#.#..
......#.#.#.# ......#.#.#.#
### #....#.#.#.# ...
####.....#.#.# #####.###
#..........g.# #........ #.
#.........@#.# #........
#..#..........#g###.)g.....
#..#..........#..##........
#.............#..Z..Z..g...
#....(........#.########...
#...#.........#.# .
#...#.#.#######.# #.......#
#.# #...#.###### #.#


You could see a gnoll sergeant (inner flame, unable to see you).

Vanquished Creatures
  A black bear (D:4)
  A howler monkey (D:4)
  An orc wizard (D:3)
  A gnoll (D:4)
  6 adders
  2 worms (D:2)
  2 dart slugs
  4 orcs (D:3)
  5 endoplasms
  2 giant cockroaches
  3 goblins
  4 hobgoblins
  2 jackals (D:1)
  2 quokkas (D:1)
  9 ball pythons
  8 bats
  5 frilled lizards
  5 kobolds
  6 rats
69 creatures vanquished.

Vanquished Creatures (collateral kills)
  A phantom (D:4)
  A scorpion (D:4)
  An orc (D:3)
  A ball python (D:4)
  A bat (D:3)
5 creatures vanquished.

Vanquished Creatures (others)
  A black bear zombie (D:4)
  A bat zombie (D:3)
  2 ball python zombies (D:4)
  A goblin zombie (D:4)
  A kobold zombie (D:4)
6 creatures vanquished.

Grand Total: 80 creatures vanquished

Notes
Turn   | Place    | Note
-------+----------+-------------------------------------------
     0 | D:1      | croobank the Gnoll Transmuter began the quest for the Orb.
     0 | D:1      | Reached XP level 1. HP: 17/17 MP: 6/6
   168 | D:1      | Reached XP level 2. HP: 23/23 MP: 7/7
   171 | D:1      | Learned a level 2 spell: Wereblood
   731 | D:1      | Reached skill level 5 in Spellcasting
   731 | D:1      | Reached XP level 3. HP: 27/28 MP: 4/9
   948 | D:2      | Reached skill level 1 in Invocations
   961 | D:2      | Reached skill level 1 in Short Blades
   961 | D:2      | Reached skill level 1 in Long Blades
   961 | D:2      | Reached skill level 1 in Axes
   961 | D:2      | Reached skill level 1 in Maces & Flails
   961 | D:2      | Reached skill level 1 in Polearms
   961 | D:2      | Reached skill level 1 in Staves
   961 | D:2      | Reached skill level 1 in Ranged Weapons
   961 | D:2      | Reached skill level 1 in Throwing
   961 | D:2      | Reached skill level 1 in Armour
   961 | D:2      | Reached skill level 1 in Stealth
   961 | D:2      | Reached skill level 1 in Shields
   961 | D:2      | Reached skill level 1 in Evocations
  1029 | D:2      | Reached XP level 4. HP: 19/34 MP: 7/11
  1384 | D:2      | Reached skill level 1 in Conjurations
  1384 | D:2      | Reached skill level 1 in Hexes
  1384 | D:2      | Reached skill level 1 in Summonings
  1384 | D:2      | Reached skill level 1 in Necromancy
  1384 | D:2      | Reached skill level 1 in Translocations
  1384 | D:2      | Reached skill level 1 in Fire Magic
  1384 | D:2      | Reached skill level 1 in Ice Magic
  1384 | D:2      | Reached skill level 1 in Air Magic
  1384 | D:2      | Reached skill level 1 in Earth Magic
  1384 | D:2      | Reached skill level 1 in Poison Magic
  1964 | D:3      | Found a faded altar of an unknown god.
  1968 | D:3      | Found an iron altar of Okawaru.
  1975 | D:3      | Prayed at the altar of an unknown god.
  1975 | D:3      | Became a worshipper of Yredelemnul the Dark
  1975 | D:3      | Reached * piety under Yredelemnul
  2033 | D:3      | Found a faded altar of an unknown god.
  2155 | D:3      | Reached ** piety under Yredelemnul
  2270 | D:3      | Reached XP level 5. HP: 40/40 MP: 12/12
  2271 | D:3      | Found a broken altar of Ashenzari.
  2671 | D:4      | Noticed a black bear
  2673 | D:4      | Noticed a phantom
  2703 | D:4      | Killed a black bear
  2704 | D:4      | Reached skill level 5 in Dodging
  2704 | D:4      | Reached XP level 6. HP: 32/47 MP: 12/14
  2933 | D:4      | Slain by a gnoll sergeant

Illustrated notes

Levels and vault maps discovered:
D:1:      beargit_arrival_greenhouse, layout_loops_ring
D:2:      layout_loops_ring
D:3:      layout_basic, mainiacjoe_overflow_alcove_1,
          nicolae_overflow_ecumenical_swirl, ebering_ecumenical_altar_hall,
          hangedman_decor_points, kennysheep_generic_room_14
D:4:      layout_basic, xom_teletrap_fun, grunt_ministairs_3

Skill      XL: |  1  2  3  4  5 |
---------------+----------------+-----
Spellcasting   | 5 |  5.5
Invocations    | 1 2 |  2.5
Short Blades   | 1 2 |  2.2
Long Blades    | 1 2 |  2.2
Axes           | 1 2 |  2.2
Maces & Flails | 1 2 |  2.2
Polearms       | 1 2 |  2.2
Staves         | 1 2 |  2.2
Ranged Weapons | 1 2 |  2.2
Throwing       | 1 2 |  2.2
Armour         | 1 2 |  2.2
Stealth        | 1 2 |  2.2
Shields        | 1 2 |  2.2
Evocations     | 1 2 |  2.2
Conjurations   | 1 |  1.8
Hexes          | 1 |  1.8
Summonings     | 1 |  1.8
Necromancy     | 1 |  1.8
Translocations | 1 |  1.8
Fire Magic     | 1 |  1.8
Ice Magic      | 1 |  1.8
Air Magic      | 1 |  1.8
Earth Magic    | 1 |  1.8
Poison Magic   | 1 |  1.8
Fighting       | 3 |  3.4
Transmutations | 4 |  4.2
Dodging        | 5 |  5.1
Unarmed Combat | |  6.9

Action                     |  1- 3 |  4- 6 || total
---------------------------+-------+-------++-------
  Melee: Unarmed           |    23 |       ||    23
         Kick              |    12 |    17 ||    29
         Headbutt          |     8 |    12 ||    20
         Punch             |     2 |     6 ||     8
         Dagger            |    35 |   127 ||   162
         Bite              |     1 |    10 ||    11
   Fire: Sling             |    21 |     2 ||    23
   Cast: Beastly Appendage |    12 |    19 ||    31
         Wereblood         |    12 |    22 ||    34
    Use: Potion            |       |     3 ||     3
         Scroll            |       |     1 ||     1
   Stab: Sleeping          |       |     2 ||     2
         Distracted        |       |     3 ||     3
 Armour: Robe              |    10 |    33 ||    43
         Skin              |       |    27 ||    27
  Dodge: Dodged            |    50 |   101 ||   151
